 Dungeon Crawl Stone Soup version 0.18.1-48-g4cf74bf (console) character file.

217 Kloppie the Chopper (level 5, 0/72 HPs)
             Began as a Hill Orc Berserker on Sept 1, 2016.
             Was a Believer of Trog.
             Succumbed to a worker ant's poison
             ... on level 4 of the Dungeon.
             The game lasted 00:04:13 (2678 turns).

Kloppie the Chopper (Hill Orc Berserker)            Turns: 2678, Time: 00:04:14

Health: 0/72       AC:  9    Str: 25    XL:     5   Next: 94%
Magic:  5/5        EV:  8    Int:  7    God:    Trog [**....]
Gold:   172        SH:  0    Dex: 11    Spells: 0 memorised, 4 levels left

rFire  . . .     SeeInvis .     a - +0 hand axe
rCold  . . .     Gourm    .     d - +0 chain mail
rNeg   . . .     Faith    .     (no shield)
rPois  .         Spirit   .     (no helmet)
rElec  .         Dismiss  .     (no cloak)
rCorr  .         Reflect  .     (no gloves)
SustAt .         Harm     .     (no boots)
MR     .....                    (no amulet)
Stlth  ..........               (no ring)
                                (no ring)

@: berserking, lethally poisoned (0 -> -8), very quick, not resistant to hostile
enchantments, extremely unstealthy
A: no striking features
a: Berserk, Trog's Hand, Burn Spellbooks, Renounce Religion


You were on level 4 of the Dungeon.
You worshipped Trog.
Trog was pleased with you.
You were not hungry.

You visited 1 branch of the dungeon, and saw 4 of its levels.

You collected 172 gold pieces.

Inventory:

Hand Weapons
 a - a +0 hand axe (weapon)
Armour
 d - a +0 chain mail (worn)
Jewellery
 w - an uncursed ring of wizardry {unknown}
Scrolls
 e - 2 scrolls of noise {unknown}
 f - 2 scrolls of teleportation {unknown}
 g - 2 scrolls of identify {unknown}
 o - a scroll of blinking {unknown}
 p - 2 scrolls of fear {unknown}
 q - a scroll of enchant armour {unknown}
 s - a scroll of immolation {unknown}
 v - a scroll of fog {unknown}
 y - a scroll of remove curse {unknown}
Potions
 b - 2 potions of curing {unknown}
 h - a potion of heal wounds {unknown}
 i - 2 potions of cancellation {unknown}
 k - a potion of lignification {unknown}
 l - a potion of brilliance {unknown}
 m - a potion of resistance {unknown}
 n - 2 potions of agility {unknown}
 x - a potion of ambrosia {unknown}
Comestibles
 c - 4 bread rations
 j - 2 beef jerkies
 r - a slice of pizza
 t - 4 chunks of flesh
 u - a royal jelly


   Skills:
 + Level 5.5 Fighting
 + Level 6.0 Axes
 - Level 3.7 Armour
 - Level 1.5 Dodging


You had 4 spell levels left.
You didn't know any spells.

Dungeon Overview and Level Annotations

Branches:
Dungeon (4/15)             Temple (0/1) D:4

Altars:
Trog


Message History

A red film seems to cover your vision as you go berserk!
You feel yourself moving faster!
You feel mighty!
You feel somewhat more hungry.
You feel sick. The worker ant barely misses you. The iguana bites you!
* * * LOW HITPOINT WARNING * * *
The worker ant bites you.
* * * LOW HITPOINT WARNING * * *
You barely miss the worker ant.
The worker ant is severely wounded.
You hit the iguana.
The iguana is severely wounded.
The iguana bites you.
* * * LOW HITPOINT WARNING * * *
You slash the worker ant!
You kill the worker ant!
Trog accepts your kill.
Your Axes skill increases to level 6!
You hit the iguana.
The iguana is severely wounded.
You die...

###)....#...........
####...###..#......
####. ##..# #.........
##.... #.## #..#...>..
##..... #.# ##........
.......###.# ##.#......
........##.# #.........
........##.####..#.#.#.#
.......@..#..##.........
.......l#####...#####..#
.......## ###..###..†.
....... ###.......
....).. ##........
......# ##.........
..<... ###..........
###### ##............
#..........[..


You could see an iguana.

Vanquished Creatures
  An orc wizard (D:4)
  An orc priest (D:4)
  A worker ant (D:4)
  A gnoll (D:1)
  7 adders
  3 worms (D:2)
  A giant gecko (D:1)
  3 orcs (D:4)
  3 giant cockroaches
  7 goblins
  5 hobgoblins
  A ball python (D:1)
  8 bats
  4 giant newts
  5 kobolds
  6 rats
57 creatures vanquished.

Notes
Turn   | Place    | Note
--------------------------------------------------------------
     0 | D:1      | Kloppie the Hill Orc Berserker began the quest for the Orb.
     0 | D:1      | Reached XP level 1. HP: 19/19 MP: 1/1
   170 | D:1      | Reached XP level 2. HP: 19/27 MP: 2/2
   468 | D:1      | Reached XP level 3. HP: 33/33 MP: 3/3
   654 | D:2      | Found a faded altar to an unknown god.
   738 | D:2      | Reached ** piety under Trog
  1366 | D:3      | Reached XP level 4. HP: 41/41 MP: 4/4
  1960 | D:3      | Found a bloodstained altar of Trog.
  1968 | D:3      | Reached skill level 5 in Axes
  2218 | D:3      | Reached XP level 5. HP: 36/47 MP: 5/5
  2319 | D:4      | Reached skill level 5 in Fighting
  2607 | D:4      | Found a staircase to the Ecumenical Temple.
  2677 | D:4      | HP: 1/72 [iguana (4)]
  2678 | D:4      | Reached skill level 6 in Axes
  2678 | D:4      | Succumbed to a worker ant's poison

Skill      XL: |  1  2  3  4  5 |
---------------+----------------+-----
Fighting       | 4 5 |  5.5
Armour         | 3 |  3.7
Axes           | 5 6 |  6.0
Dodging        | |  1.5

Action                   |  1- 3 |  4- 6 || total
-------------------------+-------+-------++-------
Melee: Hand axe          |   125 |    97 ||   222
Invok: Berserk           |     2 |     2 ||     4
  Eat: Chunk             |     3 |     6 ||     9
Armor: Chain mail        |    76 |    49 ||   125
Dodge: Dodged            |    63 |    47 ||   110
